 Dungeon Crawl Stone Soup version 0.29-a0-219-g0a02b1cf4f (webtiles) character file.

Game seed: 1513650292969435096

365 ReploidZero the Bolt Thrower (level 7, -2/44 HPs)
             Began as a Kobold Hunter on Feb 25, 2022.
             Slain by a scorpion (6 damage)
             ... on level 4 of the Dungeon.
             The game lasted 00:08:57 (3342 turns).

ReploidZero the Bolt Thrower (Kobold Hunter)        Turns: 3342, Time: 00:08:58

Health: -2/44      AC:  3    Str:  8 (9)  XL:     7   Next: 0%
Magic:  7/7        EV: 16    Int:  8 (11) God:
Gold:   117        SH:  0    Dex: 16 (17) Spells: 6/6 levels left

rFire   . . .      SeeInvis .   a - +1 hand crossbow
rCold   . . .      Faith    .   (no shield)
rNeg    . . .      Spirit   .   b - +0 leather armour
rPois   .          Reflect  .   (no helmet)
rElec   .          Harm     .   (no cloak)
rCorr   .          Rampage  .   (no gloves)
Will    +....      Rnd*Tele +   (no boots)
Stlth   ++........              (no amulet)
HPRegen 0.14/turn               (no ring)
MPRegen 0.10/turn               (no ring)

@: confused, lethally poisoned (-2 -> -4), ambrosia-drunk
A: small, no large weapons, nightstalker 3, dopey 1, strong-willed 1,
teleportitis 1
a: no special abilities


You were on level 4 of the Dungeon.
You visited 1 branch of the dungeon, and saw 4 of its levels.

You collected 117 gold pieces.

Inventory:

Hand Weapons
 a - a +1 hand crossbow (weapon)
Armour
 b - a +0 leather armour (worn)
Wands
 c - a wand of flame (31)
Scrolls
 e - a scroll of fear
 i - a scroll of teleportation
Potions
 d - a potion of haste
 g - a potion of ambrosia
 h - 2 potions of mutation


   Skills:
 + Level 4.5 Fighting
 + Level 7.3 Crossbows
 + Level 5.0 Dodging
 - Level 2.1 Stealth


You had 6 spell levels left.
You didn't know any spells.
Your spell library contained the following spells:

 Spells                   Type           Power      Damage    Failure   Level
 Conjure Flame            Conj/Fire      0%         6-21      88%         3
 Ignite Poison            Fire/Tmut/Pois 0%         N/A       88%         3
 Sticky Flame             Conj/Fire      0%         2d3       99%         4


Dungeon Overview and Level Annotations

Branches:
Dungeon (4/15)
 Temple: D:4-7

Altars:

Shops:
D:2 *

Annotations:
D:3 1 runed translucent door, bronco's ghost, amateur HOWz


Innate Abilities, Weirdness & Mutations

You are small and have problems with some larger weapons.
You are completely attuned to the shadows.
You are dopey. (Int -2)
You are strong-willed. (Will+)
You are occasionally teleported next to monsters.


Message History

Aim: a scorpion (almost dead, 67% to hit)
You shoot a bolt. The bolt barely misses the scorpion.
You feel very sick.
The scorpion stings you but does no damage.
The scorpion stings you.
* * * LOW HITPOINT WARNING * * *
Unknown command.
It was a potion of mutation.
You feel extremely strange.
You feel weirdly uncertain.
You feel stupid.
You feel strong-willed.
* * * LOW HITPOINT WARNING * * *
You feel sick. The scorpion closely misses you.
It was a potion of ambrosia.
You are confused.
You feel invigorated.
You feel sick. The scorpion closely misses you.
Okay, then.
Non-targeted confused shoot: a) +1 hand crossbow
Press: ? - help, Q - select action, (/) - cycle Dir - look around, f - activate
Okay, then.
Okay, then.
Non-targeted confused shoot: a) +1 hand crossbow
Press: ? - help, Q - select action, (/) - cycle Dir - look around, f - activate
Okay, then.
Okay, then.
You are too confused!
It was a potion of degeneration.
There was something very wrong with that liquid.
You feel weakened.
You feel dopey.
You feel clumsy.
You feel sick. The scorpion misses you.
Non-targeted confused shoot: a) +1 hand crossbow
Press: ? - help, Q - select action, (/) - cycle Dir - look around, f - activate
Okay, then.
Non-targeted confused shoot: a) +1 hand crossbow
Press: ? - help, Q - select action, (/) - cycle Dir - look around, f - activate Look: a scorpion (almost dead)
You shoot a bolt. The bolt hits the scorpion.
The scorpion is almost dead.
You feel sick. The scorpion stings you!
* * * LOW HITPOINT WARNING * * *
The scorpion stings you.
You die...

.... .(.. ######....
#......... #.###.....
####.##s.....
#########....#@......
..........##...##....
........####..## #...
.....#### #..# ###
.....# #..# .....#
#..# .....## #[.#
......######..#
..............#


You could see a scorpion.

Vanquished Creatures
  Sigmund (D:2)
  A scorpion (D:4)
  2 orc priests (D:3)
  2 adders
  2 dart slugs
  7 orcs
  7 ball pythons
  3 bats
  3 endoplasms (D:2)
  2 giant cockroaches (D:1)
  4 goblins
  9 hobgoblins
  4 quokkas
  3 frilled lizards
  5 kobolds
  3 rats
58 creatures vanquished.

Notes
Turn   | Place    | Note
-------+----------+-------------------------------------------
     0 | D:1      | ReploidZero the Kobold Hunter began the quest for the Orb.
     0 | D:1      | Reached XP level 1. HP: 12/12 MP: 1/1
   335 | D:1      | Reached XP level 2. HP: 18/18 MP: 2/2
  1061 | D:2      | Reached XP level 3. HP: 22/22 MP: 3/3
  1236 | D:2      | Found Xicorph's Assorted Antiques.
  1525 | D:2      | Noticed Sigmund
  1535 | D:2      | Killed Sigmund
  1536 | D:2      | Reached skill level 6 in Crossbows
  1536 | D:2      | Reached XP level 4. HP: 7/29 MP: 4/4
  1536 | D:2      | Reached XP level 5. HP: 8/33 MP: 5/5
  1536 | D:2      | Reached XP level 6. HP: 9/38 MP: 6/6
  2590 | D:3      | Reached skill level 7 in Crossbows
  3015 | D:3      | Found a runed translucent door.
  3015 | D:3      | Noticed bronco's ghost (amateur HOWz)
  3265 | D:4      | Reached skill level 5 in Dodging
  3312 | D:4      | Reached XP level 7. HP: 44/44 MP: 7/7
  3339 | D:4      | Gained mutation: You are occasionally teleported next to
                  | monsters. [potion of mutation]
  3339 | D:4      | Gained mutation: You are dopey. (Int -2) [potion of
                  | mutation]
  3339 | D:4      | Gained mutation: You are strong-willed. (Will+) [potion of
                  | mutation]
  3342 | D:4      | Slain by a scorpion

Illustrated notes

Levels and vault maps discovered:
D:1:      heliophobic_arrival_ceremonial_halls, layout_loops_ring,
          hangedman_decor_clover_reticule, wander_ebering_terrifying_dragon_lair
D:2:      wander_river, layout_basic, serial_shops, shop,
          minmay_misc_feat_diagonals, kennysheep_decorative_pillar,
          minmay_close_crescents, uniq_sigmund
D:3:      layout_basic, hellmonk_ghost_happy_afterlife
D:4:      layout_rooms, minmay_temple_entry_tees, hangedman_abyss_or_decor_stabs

Skill      XL: |  1  2  3  4  5  6 |
---------------+-------------------+-----
Stealth        | 2 |  2.1
Dodging        | 4 5 |  5.0
Fighting       | 4 |  4.5
Crossbows      | 6 7 |  7.3

Action                   |  1- 3 |  4- 6 |  7- 9 || total
-------------------------+-------+-------+-------++-------
 Fire: Hand crossbow     |    85 |    99 |    19 ||   203
  Use: Scroll            |     4 |     1 |       ||     5
       Potion            |       |       |     3 ||     3
Armor: Leather armour    |     4 |     8 |     4 ||    16
Dodge: Dodged            |    37 |    35 |    18 ||    90

Table legend: (Time is in decaauts)
 A = Elapsed time spent in this place.
 B = Non-inter-level travel time spent in this place.
 C = Inter-level travel time spent in this place.
 D = Time resting spent in this place.
 E = Time spent auto-exploring this place.
 F = Levels seen in this place.
 G = Mean time per level.
                   A        B        C        D        E       F      G
               +--------+--------+--------+--------+--------+-----+--------+
         Total |   3430 |   3361 |     69 |      0 |   2966 |   4 |  857.5 |
       Dungeon |   3430 |   3361 |     69 |      0 |   2966 |   4 |  857.5 |
               +--------+--------+--------+--------+--------+-----+--------+

Top non-repeatable levels by time:
     D:3: 1315 daAuts
     D:2: 1071 daAuts
     D:1: 937 daAuts
     D:4: 105 daAuts
